 Dungeon Crawl Stone Soup version 0.29-a0-275-g389c0b56f3 (webtiles) character file.

Game seed: 9920887889119481506

57 sanka the Chopper (level 4, -1/41 HPs)
             Began as a Gnoll Berserker on Mar 11, 2022.
             Was a Believer of Trog.
             Slain by an orc
             ... wielding a +0 flail
              (2 damage)
             ... on level 3 of the Dungeon.
             The game lasted 00:01:52 (1663 turns).

sanka the Chopper (Gnoll Berserker)                 Turns: 1663, Time: 00:01:52

Health: -1/41      AC:  3    Str: 18    XL:     4   Next: 0%
Magic:  5/5        EV: 13    Int:  7    God:    Trog [**....]
Gold:   103        SH:  0    Dex: 11    Spells: 5/5 levels left

rFire   . . .      SeeInvis .   a - +0 hand axe
rCold   . . .      Faith    +   (no shield)
rNeg    . . .      Spirit   .   b - +0 animal skin
rPois   .          Reflect  .   i - +0 helmet
rElec   .          Harm     .   (no cloak)
rCorr   .          Rampage  .   (no gloves)
Will    .....                   (no boots)
Stlth   +.........              l - amulet of faith
HPRegen 0.13/turn               (no ring)
MPRegen 0.09/turn               (no ring)

@: no status effects
A: fangs 1, strong nose, distributed training
a: Renounce Religion, Berserk, Trog's Hand


You were on level 3 of the Dungeon.
You worshipped Trog.
Trog was pleased with you.
You visited 1 branch of the dungeon, and saw 3 of its levels.

You collected 103 gold pieces.


Innate Abilities, Weirdness & Mutations

You have very sharp teeth.
Your uncanny sense of smell can sniff out nearby items.
Your experience applies equally to all skills.


   Skills:
 + Level 6.5 Fighting
 + Level 1.0 Short Blades
 + Level 1.0 Long Blades
 + Level 6.5 Axes
 + Level 1.0 Maces & Flails
 + Level 1.0 Polearms
 + Level 1.0 Staves
 + Level 1.0 Slings
 + Level 1.0 Bows
 + Level 1.0 Crossbows
 + Level 1.0 Throwing
 + Level 4.6 Armour
 + Level 4.6 Dodging
 + Level 1.0 Stealth
 + Level 1.0 Shields
 + Level 1.0 Unarmed Combat
 + Level 1.0 Spellcasting
 + Level 0.7 Conjurations
 + Level 0.7 Hexes
 + Level 0.7 Summonings
 + Level 0.7 Necromancy
 + Level 0.7 Translocations
 + Level 0.7 Transmutations
 + Level 0.7 Fire Magic
 + Level 0.7 Ice Magic
 + Level 0.7 Air Magic
 + Level 0.7 Earth Magic
 + Level 0.7 Poison Magic
 + Level 1.1 Invocations
 + Level 1.0 Evocations


You had 5 spell levels left.
You didn't know any spells.
Your spell library was empty.

Inventory:

Hand Weapons
 a - a +0 hand axe (weapon)
Missiles
 h - a throwing net (quivered) {=f}
Armour
 b - a +0 animal skin (worn)
 i - a +0 helmet (worn)
Jewellery
 d - a ring of positive energy
 l - an amulet of faith (around neck)
 m - an amulet of guardian spirit
Scrolls
 c - 4 scrolls of identify {unknown}
 e - a scroll of teleportation {unknown}
 g - a scroll of noise {unknown}
Potions
 f - a potion of curing {unknown}
 j - a potion of haste {unknown}
 k - a potion of might {unknown}

Dungeon Overview and Level Annotations

Branches:
Dungeon (3/15)

Altars:
Ru

▒ ▒▒▒▒▒▒▒▒▒▒▒
▒.▒..........
▒.▒+▒<.......
▒............
▒............
▒▒...........
▒..g.....▒▒▒
▒▒▒o).▒▒▒▒
▒...▒ ▒...▒
▒...▒ ▒....
▒.....
▒......


You could see an orc.


Message History

The orc closely misses you.
You closely miss the orc. The orc misses you.
You hit the orc.
The orc is moderately wounded.
The orc misses you.
You hit the orc but do no damage.
The orc is moderately wounded.
The orc hits you with a +0 flail!
You hit the orc. You bite the orc.
The orc is severely wounded.
The orc hits you with a +0 flail.
* * * LOW HITPOINT WARNING * * *
You hit the orc.
The orc is almost dead.
The orc hits you with a +0 flail.
* * * LOW HITPOINT WARNING * * *
You hit the orc but do no damage.
The orc is almost dead.
The orc hits you with a +0 flail!
* * * LOW HITPOINT WARNING * * *
You barely miss the orc.
The orc is almost dead.
The orc hits you with a +0 flail.
* * * LOW HITPOINT WARNING * * *
You completely miss the orc.
The orc is almost dead.
The orc hits you with a +0 flail.
You die...

Action                   |  1- 3 |  4- 6 || total
-------------------------+-------+-------++-------
Melee: Hand axe          |   117 |    13 ||   130
       Bite              |     9 |     3 ||    12
       Punch             |     1 |       ||     1
 Stab: Sleeping          |     2 |       ||     2
Armor: Animal skin       |    17 |       ||    17
Dodge: Dodged            |    80 |     6 ||    86

Levels and vault maps discovered:
D:1:      heliophobic_arrival_ceremonial_halls, layout_loops_ring,
          dreamdust_ecumenical_altar_angels_and_demons, st_stairs_8,
          corner_web_ring, minmay_splitting_lines, hex_medium
D:2:      layout_basic, basic_altar
D:3:      layout_basic, chequers_temple_overflow_statue_of_worship

Notes
Turn   | Place    | Note
-------+----------+-------------------------------------------
     0 | D:1      | sanka the Gnoll Berserker began the quest for the Orb.
     0 | D:1      | Reached XP level 1. HP: 23/23 MP: 1/1
    90 | D:1      | Reached XP level 2. HP: 19/29 MP: 2/2
   933 | D:1      | Reached XP level 3. HP: 32/35 MP: 3/3
   989 | D:1      | Found a faded altar of an unknown god.
  1149 | D:2      | Found a sacrificial altar of Ru.
  1181 | D:2      | Reached ** piety under Trog
  1328 | D:2      | Reached skill level 1 in Invocations
  1503 | D:2      | Reached skill level 1 in Short Blades
  1503 | D:2      | Reached skill level 1 in Long Blades
  1503 | D:2      | Reached skill level 1 in Maces & Flails
  1503 | D:2      | Reached skill level 1 in Polearms
  1503 | D:2      | Reached skill level 1 in Staves
  1503 | D:2      | Reached skill level 1 in Slings
  1503 | D:2      | Reached skill level 1 in Bows
  1503 | D:2      | Reached skill level 1 in Crossbows
  1503 | D:2      | Reached skill level 1 in Throwing
  1503 | D:2      | Reached skill level 1 in Stealth
  1503 | D:2      | Reached skill level 1 in Shields
  1503 | D:2      | Reached skill level 1 in Unarmed Combat
  1503 | D:2      | Reached skill level 1 in Spellcasting
  1503 | D:2      | Reached skill level 1 in Evocations
  1647 | D:3      | Reached XP level 4. HP: 32/41 MP: 5/5
  1662 | D:3      | HP: 1/41 [orc/+0 flail (6)]
  1663 | D:3      | Slain by an orc

Vanquished Creatures
  An adder (D:2)
  2 dart slugs
  2 orcs (D:3)
  4 endoplasms
  3 giant cockroaches (D:2)
  5 hobgoblins
  2 jackals (D:2)
  2 quokkas (D:1)
  2 ball pythons
  5 bats (D:1)
  3 frilled lizards
  3 goblins
  5 kobolds (D:1)
39 creatures vanquished.
